 Dungeon Sprint DCSS version 0.30-a0-135-g630cfc4551 (webtiles) character file.

Game seed: 9822572738069067111

4800000 howech the Axe Maniac (level 23, -39/201 HPs)
             Began as a Djinni Warper on Sept 20, 2022.
             Was the Champion of Makhleb.
             Annihilated by The Servant
             ... wielding a +9 glaive of flaming
              (83 damage)
             ... in the Dungeon (Sprint VIII: "Arena of Blood").
             The game lasted 00:05:00 (48 turns).

howech the Axe Maniac (Djinni Warper)                 Turns: 48, Time: 00:05:01

Health: -39/201    AC:  6    Str: 10    XL:     23   Next: 77%
Gold:   0          EV: 31    Int: 19    God:    Makhleb [******] SH:  0 Dex: 20

rFire   + + .      SeeInvis .    h - +∞ Axe of Woe
rCold   x . .      Faith    .    (shield currently unavailable)
rNeg    . . .      Spirit   .    a - +0 leather armour
rPois   ∞          Reflect  .    (no helmet)
rElec   .          Harm     .    (no cloak)
rCorr   .          Rampage  .    (no gloves)
Will    ++...      NoTele   +    (boots unavailable)
Stlth   ++++++++++               (no amulet)
HPRegen 0.43/turn                (no ring)
MPRegen 0.00/turn                (no ring)

@: flying
A: sickness immunity, fire resistance 2, cold vulnerability 1, float, innate
caster, HP casting, extra vitality 1
a: Renounce Religion, Minor Destruction, Lesser Servant of Makhleb, Major
Destruction, Greater Servant of Makhleb


You were in the Dungeon.
You worshipped Makhleb.
Makhleb was exalted by your worship.
You visited 1 branch

Inventory:

Hand Weapons
 h - the +∞ Axe of Woe (weapon)
   (You found it in the Dungeon)
Missiles
 c - 7 boomerangs of dispersal (quivered)
Armour
 a - a +0 leather armour (worn)
Scrolls
 b - 2 scrolls of blinking
Potions
 d - a potion of curing
 e - a potion of heal wounds
 f - a potion of haste
 g - a potion of berserk rage


   Skills:
 O Level 27 Fighting
 O Level 27 Axes
 * Level 21.6(27) Maces & Flails
 + Level 26.8 Throwing
 O Level 27 Armour
 O Level 27 Dodging
 O Level 27 Stealth
 O Level 27 Unarmed Combat
 + Level 24.9 Spellcasting
 + Level 18.4 Invocations


You had 2 spell levels left.
You knew the following spells:

 Your Spells              Type           Power      Damage    Failure   Level
a - Blink                 Tloc           100%       N/A       0%          2
b - Lesser Beckoning      Tloc           87%        N/A       0%          3
c - Gell's Gravitas       Tloc           87%        N/A       0%          3
d - Teleport Other        Tloc           87%        N/A       0%          3
e - Manifold Assault      Tloc           87%        N/A       0%          4
f - Foxfire               Conj/Fire      100%       2x1d9     0%          1
g - Passwall              Tmut/Erth      72%        N/A       0%          2
h - Frozen Ramparts       Ice            100%       1d16      0%          3
i - Summon Ice Beast      Ice/Summ       87%        N/A       0%          4
j - Fireball              Conj/Fire      43%        3d17      0%          5
k - Silence               Hex/Air        43%        N/A       0%          5
l - Summon Cactus Giant   Summ           43%        N/A       0%          6
m - Spellforged Servitor  Conj/Summ      43%        N/A       1%          7
n - Eringya's Noxious Bo  Tmut/Pois      43%        N/A       0%          6
o - Maxwell's Capacitive  Air            43%        ∞         1%          8
p - Storm Form            Tmut/Air       43%        N/A       1%          7
Your spell library was empty.

Dungeon Overview and Level Annotations

Branches:
Dungeon (1/1)

Altars:
Makhleb

Annotations:
D The Servant


Innate Abilities, Weirdness & Mutations

You are immune to sickness and miasma.
You are immune to poison.
Your flesh is very heat resistant. (rF++)
You are vulnerable to cold. (rC-)
You float through the air rather than walking.
You learn spells naturally, not from books.
Your magical power is your life essence.
You have superior vitality. (+4 MHP)


Message History

* * * LOW HITPOINT WARNING * * *
The bag of meat is engulfed in blazing flames.
A bag of meat comes into view. It is wielding a +9 war axe.
The bag of meat is engulfed in blazing flames.
The bag of meat hits you with a +9 war axe!!
* * * LOW HITPOINT WARNING * * *
The bag of meat is engulfed in blazing flames.
You hear an explosion!
The fiery explosion engulfs the meat berserker!!!
The fiery explosion engulfs the bag of meat!!
The fiery explosion engulfs the meat berserker!!!
The fiery explosion engulfs the sculptor of flesh!
You hear a shout! x2
You chop the bag of meat into pieces!!!
You hew the bag of meat savagely.
You blow up the bag of meat!
Makhleb accepts your kill.
You feel better.
You slice the bag of meat!!
You hew the bag of meat savagely.
You kill the bag of meat!
Makhleb accepts your kill.
You feel better.
You slice the bag of meat!!
You cleave the bag of meat in twain.
You blow up the bag of meat!
Makhleb accepts your kill.
You feel better.
The eight-headed meat hydra calls on the powers of darkness!
The eight-headed meat hydra convulses!
The bag of meat convulses!
The meat berserker convulses!
The bag of meat convulses! x2
The meat berserker convulses!
The Servant convulses!
Your body is wracked with pain!
* * * LOW HITPOINT WARNING * * *
The bag of meat convulses! x3; The meat berserker convulses!
The bag of meat convulses! x3
You hear a shout!
A meat berserker comes into view. It is wielding a +9 battleaxe.
The destroyer casts a spell at you.
The destroyer blinks!
You hear a shout! x2
The meat berserker is engulfed in blazing flames.
The Servant hits you from afar with a +9 glaive of flaming!!!!
You die...

###...#.oVz....
###...o..#o...........
O..o..................
...#..................
..oo#....o...#.......#
....§..#.o...#.......#
....#O.§§○z###.......###.
......oO§ooV..V.###......
#......§#O@)@)..._......
#.....#§z.o.VO#.....#.
.###oV....o.).#_)<._#
.O..#..D))..#.....#
...z...#))......_......
.°.......))..o.§###......
V..........###..O....###.
......... #..oo...#
.D.@....o #.......#


You could see The Servant, an eight-headed meat hydra, 4 destroyers, 2 sculptors
of flesh, 4 meat berserkers and 10 bags of meat.

Vanquished Creatures
  3 vampire knights (D)
  16 ogres (D)
  3 two-headed ogres (D)
  39 orcs (D)
  A skeletal warrior (D)
62 creatures vanquished.

Vanquished Creatures (others)
  A two-headed ogre (D)
1 creature vanquished.

Grand Total: 63 creatures vanquished

Notes
Turn   | Place    | Note
-------+----------+-------------------------------------------
     0 | D        | Found the +∞ Axe of Woe
     0 | D        | howech the Djinni Warper began the quest for the Orb.
     0 | D        | howech set off with the following spells memorised: Blink,
                  | Lesser Beckoning, Gell's Gravitas, Teleport Other, Manifold
                  | Assault.
     0 | D        | Reached XP level 1. HP: 18/18 MP: 0/0
     0 | D        | Noticed a meat berserker
     3 | D        | Killed a meat berserker
     4 | D        | Reached skill level 10 in Fighting
     4 | D        | Reached skill level 10 in Armour
     4 | D        | Reached skill level 10 in Unarmed Combat
     4 | D        | Reached XP level 2. HP: 36/36 MP: 0/0
     4 | D        | Reached XP level 3. HP: 41/41 MP: 0/0
     4 | D        | Learned a level 1 spell: Foxfire
     4 | D        | Reached XP level 4. HP: 47/47 MP: 0/0
     4 | D        | Reached XP level 5. HP: 52/52 MP: 0/0
     4 | D        | Learned a level 2 spell: Passwall
     4 | D        | Reached XP level 6. HP: 58/58 MP: 0/0
     4 | D        | Reached XP level 7. HP: 64/64 MP: 0/0
     4 | D        | Learned a level 3 spell: Frozen Ramparts
     4 | D        | Reached XP level 8. HP: 69/69 MP: 0/0
     4 | D        | Reached XP level 9. HP: 75/75 MP: 0/0
     4 | D        | Learned a level 4 spell: Summon Ice Beast
     4 | D        | Reached XP level 10. HP: 81/81 MP: 0/0
     4 | D        | Reached XP level 11. HP: 86/86 MP: 0/0
     4 | D        | Learned a level 5 spell: Fireball
     4 | D        | Reached XP level 12. HP: 92/92 MP: 0/0
     4 | D        | Became a worshipper of Makhleb the Destroyer
     5 | D        | Noticed a bag of meat
     8 | D        | Noticed a bag of meat
     8 | D        | Noticed a bag of meat
     8 | D        | Noticed a meat berserker
     8 | D        | Noticed a bag of meat
     9 | D        | Noticed a bag of meat
    11 | D        | Killed a bag of meat
    11 | D        | Killed a meat berserker
    11 | D        | Reached * piety under Makhleb
    12 | D        | Reached skill level 10 in Throwing
    12 | D        | Reached skill level 10 in Spellcasting
    12 | D        | Reached XP level 13. HP: 85/102 MP: 0/0
    12 | D        | Learned a level 5 spell: Silence
    12 | D        | Reached XP level 14. HP: 90/108 MP: 0/0
    12 | D        | Killed a bag of meat
    12 | D        | Killed a bag of meat
    12 | D        | Noticed a bag of meat
    12 | D        | Noticed a meat berserker
    13 | D        | Reached skill level 15 in Dodging
    13 | D        | Noticed a bag of meat
    13 | D        | Noticed a bag of meat
    13 | D        | Noticed a bag of meat
    14 | D        | Noticed a large bag of meat
    14 | D        | Noticed a bag of meat
    14 | D        | Noticed a bag of meat
    14 | D        | Noticed a bag of meat
    14 | D        | Noticed a meat berserker
    14 | D        | Noticed a bag of meat
    14 | D        | Noticed a meat berserker
    15 | D        | Noticed a bag of meat
    15 | D        | Noticed a bag of meat
    16 | D        | Killed a meat berserker
    16 | D        | Reached ** piety under Makhleb
    16 | D        | Killed a bag of meat
    16 | D        | Noticed a bag of meat
    16 | D        | Noticed a meat berserker
    17 | D        | Reached skill level 15 in Fighting
    17 | D        | Reached skill level 15 in Armour
    17 | D        | Reached skill level 15 in Unarmed Combat
    17 | D        | Reached XP level 15. HP: 120/120 MP: 0/0
    17 | D        | Learned a level 6 spell: Summon Cactus Giant
    17 | D        | Noticed a meat berserker
    19 | D        | Killed a meat berserker
    19 | D        | Reached *** piety under Makhleb
    19 | D        | Noticed a meat berserker
    20 | D        | Reached XP level 16. HP: 128/128 MP: 0/0
    20 | D        | Noticed a meat berserker
    21 | D        | Reached skill level 15 in Stealth
    21 | D        | Killed a meat berserker
    21 | D        | Reached **** piety under Makhleb
    21 | D        | Killed a large bag of meat
    22 | D        | Reached skill level 15 in Throwing
    22 | D        | Reached XP level 17. HP: 121/139 MP: 0/0
    22 | D        | Learned a level 7 spell: Spellforged Servitor
    22 | D        | Noticed a meat berserker
    23 | D        | Killed a meat berserker
    23 | D        | Reached ***** piety under Makhleb
    24 | D        | Reached skill level 15 in Spellcasting
    24 | D        | Reached XP level 18. HP: 144/149 MP: 0/0
    24 | D        | Killed a meat berserker
    24 | D        | Noticed a meat berserker
    25 | D        | Killed a meat berserker
    26 | D        | Reached XP level 19. HP: 158/160 MP: 0/0
    26 | D        | Learned a level 6 spell: Eringya's Noxious Bog
    26 | D        | Noticed a destroyer
    26 | D        | Reached ****** piety under Makhleb
    26 | D        | Noticed a meat berserker
    26 | D        | Noticed a large bag of meat
    27 | D        | Reached XP level 20. HP: 165/169 MP: 0/0
    27 | D        | Killed a meat berserker
    28 | D        | Reached skill level 27 in Axes
    28 | D        | Noticed an eight-headed meat hydra
    28 | D        | Noticed The Servant
    28 | D        | Killed a meat berserker
    28 | D        | Noticed a meat berserker
    28 | D        | Noticed a destroyer
    29 | D        | Noticed a large bag of meat
    29 | D        | Noticed a meat berserker
    30 | D        | Noticed a meat berserker
    30 | D        | Noticed a destroyer
    31 | D        | Killed a destroyer
    32 | D        | Reached XP level 21. HP: 180/180 MP: 0/0
    32 | D        | Learned a level 8 spell: Maxwell's Capacitive Coupling
    32 | D        | Killed a meat berserker
    33 | D        | Reached skill level 27 in Dodging
    33 | D        | Killed a meat berserker
    34 | D        | Noticed a destroyer
    34 | D        | Noticed a meat berserker
    35 | D        | Killed a meat berserker
    35 | D        | Noticed a large bag of meat
    36 | D        | Reached XP level 22. HP: 193/193 MP: 0/0
    37 | D        | Reached skill level 27 in Fighting
    37 | D        | Reached skill level 27 in Armour
    37 | D        | Reached skill level 27 in Unarmed Combat
    37 | D        | Killed a destroyer
    37 | D        | Killed a meat berserker
    38 | D        | Killed a destroyer
    39 | D        | Reached skill level 15 in Maces & Flails
    39 | D        | Reached XP level 23. HP: 130/201 MP: 0/0
    39 | D        | Learned a level 7 spell: Storm Form
    39 | D        | Killed a large bag of meat
    40 | D        | Reached skill level 27 in Stealth
    40 | D        | Reached skill level 15 in Invocations
    40 | D        | Noticed a destroyer
    40 | D        | Killed a large bag of meat
    40 | D        | Noticed a destroyer
    43 | D        | Noticed a destroyer
    45 | D        | Noticed a large bag of meat
    45 | D        | Noticed a destroyer
    46 | D        | Noticed a destroyer
    47 | D        | Killed a large bag of meat
    48 | D        | Annihilated by The Servant

Illustrated notes

Levels and vault maps discovered:
D:        meatsprint

Skill      XL: |  1  2  3  4  5  6  7  8  9 10 11 12 13 14 15 16 17 18 19 20 21 22 23 |
---------------+----------------------------------------------------------------------+-----
Fighting       | 10 12 15 16 18 19 21 22 24 26 27 | 27.0
Axes           | 12 14 17 18 21 23 25 27 | 27.0
Throwing       | 8 10 12 13 15 16 18 19 21 22 24 26 | 26.8
Armour         | 10 12 15 16 18 19 21 22 24 26 27 | 27.0
Dodging        | 11 13 16 17 20 21 23 24 26 27 | 27.0
Stealth        | 9 11 13 14 17 18 20 22 24 26 27 | 27.0
Unarmed Combat | 10 12 15 16 18 20 21 22 24 26 27 | 27.0
Spellcasting   | 8 10 12 14 15 17 19 21 23 24 | 24.9
Maces & Flails | 15 21 | 21.6
Invocations    | 13 18 | 18.4

Action                   |  1- 3 |  4- 6 |  7- 9 | 10-12 | 13-15 | 16-18 | 19-21 | 22-24 || total
-------------------------+-------+-------+-------+-------+-------+-------+-------+-------++-------
Melee: Executioner's axe |     1 |       |       |     1 |     3 |     6 |     7 |    11 ||    29
 Cast: Blink             |       |       |       |       |       |       |     1 |     1 ||     2
       Fireball          |       |       |       |       |       |       |       |     1 ||     1

Table legend: (Time is in decaauts)
 A = Elapsed time spent in this place.
 B = Non-inter-level travel time spent in this place.
 C = Inter-level travel time spent in this place.
 D = Time resting spent in this place.
 E = Time spent auto-exploring this place.
 F = Levels seen in this place.
 G = Mean time per level.
                   A        B        C        D        E       F      G
               +--------+--------+--------+--------+--------+-----+--------+
         Total |     42 |     42 |      0 |      0 |      0 |   1 |   42.0 |
       Dungeon |     42 |     42 |      0 |      0 |      0 |   1 |   42.0 |
               +--------+--------+--------+--------+--------+-----+--------+

Top non-repeatable levels by time:
       D: 42 daAuts
